BSA
BIRMINGHAM STEELDOGS @ MAUI TROPICS
09/05/2026
 
TOP OF THE 1ST
Birmingham Steeldogs batting - Pitching for Maui Tropics : RHP Júlio González
Pitching: RHP Júlio González
Batting: RHB Nick Webb 0-0: Ball
1-0: Swinging Strike
1-1: Foul Ball, location: 2F
1-2: Ground out 5-3 (Groundball, 5S)
Batting: LHB José Sánchez 0-0: Ball
1-0: Foul Ball, location: 2F
1-1: Fly out, F3 (Popup, 3F)
Batting: LHB Chris Miller 0-0: Ball
1-0: Called Strike
1-1: Foul Ball, location: 2F
1-2: Ground out 4-3 (Groundball, 34)
Top of the 1st over - 0 run(s), 0 hit(s), 0 error(s), 0 left on base; Birmingham 0 - Maui 0
BOTTOM OF THE 1ST
Maui Tropics batting - Pitching for Birmingham Steeldogs : RHP Barton Johnson
Pitching: RHP Barton Johnson
Batting: RHB Jeff Packard 0-0: Called Strike
0-1: SINGLE (Line Drive, 7S)
Batting: RHB Eugene Gill 0-0: Ball
1-0: Swinging Strike
1-1: Ball
2-1: Called Strike
2-2: Strikes out looking
Batting: RHB José Herrera 0-0: Called Strike
0-1: Called Strike
0-2: Foul Ball, location: 2F
0-2: Foul Ball, location: 2F
0-2: Foul Ball, location: 2F
0-2: Foul Ball, location: 2F
0-2: Ball
1-2: SINGLE (Line Drive, 6D)
Jeff Packard to second
Batting: LHB Luis Antonio Torres 0-0: Grounds into double play, U4-3 (Groundball, 4M)
Bottom of the 1st over - 0 run(s), 2 hit(s), 0 error(s), 1 left on base; Birmingham 0 - Maui 0
TOP OF THE 2ND
Birmingham Steeldogs batting - Pitching for Maui Tropics : RHP Júlio González
Batting: LHB Arturo Molina 0-0: Ball
1-0: Called Strike
1-1: SINGLE (Groundball, 34D)
Batting: RHB Eric Johnson 0-0: Swinging Strike
0-1: Fly out, F9 (Flyball, 9D)
Batting: LHB José Martínez 0-0: Called Strike
0-1: Ball
1-1: Swinging Strike
1-2: Ball
2-2: Ball
3-2: Foul Ball, location: 2F
3-2: Base on Balls
Arturo Molina to second
Batting: RHB Raúl Soto 0-0: Ball
1-0: Grounds into double play, 6-4-3 (Groundball, 6)
Top of the 2nd over - 0 run(s), 1 hit(s), 0 error(s), 1 left on base; Birmingham 0 - Maui 0
BOTTOM OF THE 2ND
Maui Tropics batting - Pitching for Birmingham Steeldogs : RHP Barton Johnson
Batting: LHB Anacleto Morillo 0-0: Ball
1-0: Swinging Strike
1-1: Swinging Strike
1-2: Ball
2-2: Strikes out swinging
Batting: RHB Michael Woodruff 0-0: Foul Ball, location: 2F
0-1: Swinging Strike
0-2: Ball
1-2: Ball
2-2: Ground out 1-3 (Groundball, 13)
Batting: LHB Henry Huffman 0-0: Fly out, F4 (Popup, 4)
Bottom of the 2nd over - 0 run(s), 0 hit(s), 0 error(s), 0 left on base; Birmingham 0 - Maui 0
TOP OF THE 3RD
Birmingham Steeldogs batting - Pitching for Maui Tropics : RHP Júlio González
Batting: RHB Carlos García 0-0: Ball
1-0: SINGLE (Line Drive, 78M)
Batting: RHB Lorenzo Martínez 0-0: Ball
1-0: Called Strike
1-1: Ball
2-1: Ball
3-1: Foul Ball, location: 2F
3-2: Strikes out swinging
Carlos García steals 2nd base
Batter strikes out.
Batting: RHB Nick Webb 0-0: Fly out, F2 (Popup, 2RF)
Batting: LHB José Sánchez 0-0: Ball
1-0: Called Strike
1-1: Swinging Strike
1-2: Ball
2-2: Ball
3-2: Foul Ball, location: 2F
3-2: Foul Ball, location: 2F
3-2: Ground out 3-1 (Groundball, 34)
Top of the 3rd over - 0 run(s), 1 hit(s), 0 error(s), 1 left on base; Birmingham 0 - Maui 0
BOTTOM OF THE 3RD
Maui Tropics batting - Pitching for Birmingham Steeldogs : RHP Barton Johnson
Batting: RHB Matt Silver 0-0: Swinging Strike
0-1: Ball
1-1: Called Strike
1-2: Ground out 6-3 (Groundball, 6)
Batting: RHB John Brown 0-0: Called Strike
0-1: Ball
1-1: Swinging Strike
1-2: Strikes out looking
Batting: RHB Jeff Packard 0-0: Swinging Strike
0-1: Ground out 5-3 (Groundball, 5L)
Bottom of the 3rd over - 0 run(s), 0 hit(s), 0 error(s), 0 left on base; Birmingham 0 - Maui 0
TOP OF THE 4TH
Birmingham Steeldogs batting - Pitching for Maui Tropics : RHP Júlio González
Batting: LHB Chris Miller 0-0: Ball
1-0: Foul Ball, location: 2F
1-1: Foul Ball, location: 2F
1-2: Strikes out swinging
Batting: LHB Arturo Molina 0-0: Called Strike
0-1: Called Strike
0-2: Ball
1-2: Foul Ball, location: 2F
1-2: Foul Ball, location: 2F
1-2: Ball
2-2: Strikes out swinging
Batting: RHB Eric Johnson 0-0: Ground out 1-3 (Groundball, 23)
Top of the 4th over - 0 run(s), 0 hit(s), 0 error(s), 0 left on base; Birmingham 0 - Maui 0
BOTTOM OF THE 4TH
Maui Tropics batting - Pitching for Birmingham Steeldogs : RHP Barton Johnson
Batting: RHB Eugene Gill 0-0: Ground out 4-3 (Groundball, 4)
Batting: RHB José Herrera 0-0: Ball
1-0: Ball
2-0: Ball
3-0: Called Strike
3-1: Foul Ball, location: 2F
3-2: Base on Balls
Batting: LHB Luis Antonio Torres 0-0: Ball
1-0: Ball
2-0: Foul Ball, location: 2F
2-1: Called Strike
2-2: Ball
3-2: Grounds into double play, 6-4-3 (Groundball, 6)
Bottom of the 4th over - 0 run(s), 0 hit(s), 0 error(s), 0 left on base; Birmingham 0 - Maui 0
TOP OF THE 5TH
Birmingham Steeldogs batting - Pitching for Maui Tropics : RHP Júlio González
Batting: LHB José Martínez 0-0: Called Strike
0-1: Swinging Strike
0-2: DOUBLE (Groundball, 5L)
Batting: RHB Raúl Soto 0-0: Foul Ball, location: 2F
0-1: Foul Ball, location: 2F
0-2: Ball
1-2: Ball
2-2: Fly out, F3 (Popup, 34S)
Batting: RHB Carlos García 0-0: SINGLE (Line Drive, 56D)
José Martínez to third
Batting: RHB Lorenzo Martínez 0-0: Ball
1-0: Swinging Strike
1-1: Ball
2-1: Called Strike
2-2: Strikes out looking
Batting: RHB Nick Webb 0-0: Called Strike
0-1: Ball
1-1: Ball
2-1: SINGLE (Line Drive, 6MD)
José Martínez scores
Carlos García to second
Runner from 2nd tries for 3rd, SAFE, throw made to third
Nick Webb to second
Batting: LHB José Sánchez 0-0: SINGLE (Line Drive, 4D)
Carlos García scores
Nick Webb to third
Runner from 3rd tries for Home, SAFE, no throw or cutoff
Batting: LHB Chris Miller 0-0: Foul Ball, location: 2F
0-1: Ball
1-1: Called Strike
1-2: Ball
2-2: Strikes out swinging
Top of the 5th over - 3 run(s), 4 hit(s), 0 error(s), 1 left on base; Birmingham 3 - Maui 0
BOTTOM OF THE 5TH
Maui Tropics batting - Pitching for Birmingham Steeldogs : RHP Barton Johnson
Batting: LHB Anacleto Morillo 0-0: Ball
1-0: Ball
2-0: Swinging Strike
2-1: Ball
3-1: Base on Balls
Batting: RHB Michael Woodruff 0-0: Called Strike
0-1: Swinging Strike
0-2: Ball
1-2: Foul Ball, location: 2F
1-2: DOUBLE (Line Drive, 3D)
Anacleto Morillo to third
Batting: LHB Henry Huffman 0-0: Ball
1-0: Ball
2-0: Ball
3-0: Called Strike
3-1: Fly out, F9 (Line Drive, 9M)
3-1: Lined into DP, 9-6 (Line Drive, 9M)
Batting: RHB Matt Silver 0-0: Ball
1-0: Foul Ball, location: 2F
1-1: Called Strike
1-2: Ground out 6-3 (Groundball, 6MS)
Bottom of the 5th over - 0 run(s), 1 hit(s), 0 error(s), 1 left on base; Birmingham 3 - Maui 0
TOP OF THE 6TH
Birmingham Steeldogs batting - Pitching for Maui Tropics : RHP Júlio González
Batting: LHB Arturo Molina 0-0: Ball
1-0: Foul Ball, location: 2F
1-1: Ball
2-1: Fly out, F7 (Flyball, 7D)
Batting: RHB Eric Johnson 0-0: Called Strike
0-1: Ball
1-1: Fly out, F9 (Flyball, 9M)
Batting: LHB José Martínez 0-0: Called Strike
0-1: Called Strike
0-2: SINGLE (Groundball, 6MD)
Batting: RHB Raúl Soto 0-0: Ball
1-0: SINGLE (Line Drive, 4D)
José Martínez to second
Batting: RHB Carlos García 0-0: Ball
1-0: Ground out 2-3 (Groundball, 23)
Top of the 6th over - 0 run(s), 2 hit(s), 0 error(s), 2 left on base; Birmingham 3 - Maui 0
BOTTOM OF THE 6TH
Maui Tropics batting - Pitching for Birmingham Steeldogs : RHP Barton Johnson
Batting: RHB John Brown 0-0: Ball
1-0: Fly out, F3 (Popup, 34S)
Batting: RHB Jeff Packard 0-0: Called Strike
0-1: Called Strike
0-2: Ball
1-2: Ball
2-2: Foul Ball, location: 2F
2-2: Ball
3-2: Strikes out swinging
Batting: RHB Eugene Gill 0-0: Ball
1-0: Called Strike
1-1: Ball
2-1: Ball
3-1: Ground out 4-3 (Groundball, 4M)
Bottom of the 6th over - 0 run(s), 0 hit(s), 0 error(s), 0 left on base; Birmingham 3 - Maui 0
TOP OF THE 7TH
Birmingham Steeldogs batting - Pitching for Maui Tropics : RHP Júlio González
Batting: RHB Lorenzo Martínez 0-0: Called Strike
0-1: Foul Ball, location: 2F
0-2: Ball
1-2: Fly out, F9 (Flyball, 9S)
Batting: RHB Nick Webb 0-0: Foul Ball, location: 2F
0-1: Ground out 5-3 (Groundball, 5)
Batting: LHB José Sánchez 0-0: Ball
1-0: Fly out, F9 (Flyball, 89M)
Top of the 7th over - 0 run(s), 0 hit(s), 0 error(s), 0 left on base; Birmingham 3 - Maui 0
BOTTOM OF THE 7TH
Maui Tropics batting - Pitching for Birmingham Steeldogs : RHP Barton Johnson
Batting: RHB José Herrera 0-0: Ground out 4-3 (Groundball, 4M)
Batting: LHB Luis Antonio Torres 0-0: SINGLE (Groundball, 34)
Batting: LHB Anacleto Morillo 0-0: Ball
1-0: Called Strike
1-1: Foul Ball, location: 2F
1-2: Ball
2-2: Foul Ball, location: 2F
2-2: Foul Ball, location: 2F
2-2: Fielders Choice at 2nd, 4-6 (Groundball, 34)
Batting: RHB Michael Woodruff 0-0: Called Strike
0-1: Ball
1-1: Ball
2-1: Called Strike
2-2: Strikes out swinging
Bottom of the 7th over - 0 run(s), 1 hit(s), 0 error(s), 1 left on base; Birmingham 3 - Maui 0
TOP OF THE 8TH
Birmingham Steeldogs batting - Pitching for Maui Tropics : RHP Júlio González
Pitching: RHP Dave Riley
Batting: LHB Chris Miller 0-0: Foul Ball, location: 2F
0-1: Foul Ball, location: 2F
0-2: Strikes out looking
Batting: LHB Arturo Molina 0-0: Ball
1-0: Called Strike
1-1: Reached on error, E6 (Groundball, 6M)
Batting: RHB Eric Johnson 0-0: Ball
1-0: Swinging Strike
1-1: Ball
2-1: Ball
3-1: Called Strike
3-2: Ground out 4-3 (Groundball, 4M)
Arturo Molina to third
Batting: LHB José Martínez 0-0: Ground out 4-3 (Groundball, 4S)
Top of the 8th over - 0 run(s), 0 hit(s), 1 error(s), 1 left on base; Birmingham 3 - Maui 0
BOTTOM OF THE 8TH
Maui Tropics batting - Pitching for Birmingham Steeldogs : RHP Barton Johnson
Batting: LHB Henry Huffman 0-0: Foul Ball, location: 2F
0-1: Ball
1-1: DOUBLE (Flyball, 8RXD)
Batting: RHB Matt Silver 0-0: Ball
1-0: Swinging Strike
1-1: Ball
2-1: Ball
3-1: Foul Ball, location: 2F
3-2: SINGLE (Line Drive, 56D)
Henry Huffman to third
Batting: RHB John Brown 0-0: Called Strike
0-1: Swinging Strike
0-2: Ball
1-2: Ball
2-2: Strikes out swinging
Batting: RHB Jeff Packard 0-0: Ball
1-0: Grounds into double play, 5-4-3 (Groundball, 56)
Bottom of the 8th over - 0 run(s), 2 hit(s), 0 error(s), 1 left on base; Birmingham 3 - Maui 0
TOP OF THE 9TH
Birmingham Steeldogs batting - Pitching for Maui Tropics : RHP Dave Riley
Batting: RHB Raúl Soto 0-0: Swinging Strike
0-1: Ground out 6-3 (Groundball, 6)
Batting: RHB Carlos García 0-0: Ball
1-0: Ball
2-0: Swinging Strike
2-1: Ball
3-1: Swinging Strike
3-2: Strikes out swinging
Batting: RHB Lorenzo Martínez 0-0: Foul Ball, location: 2F
0-1: Ground out 6-3 (Groundball, 6M)
Top of the 9th over - 0 run(s), 0 hit(s), 0 error(s), 0 left on base; Birmingham 3 - Maui 0
BOTTOM OF THE 9TH
Maui Tropics batting - Pitching for Birmingham Steeldogs : RHP Barton Johnson
Pitching: RHP David Simpson
Now at SS: Paço Ttes
Batting: RHB Eugene Gill 0-0: SINGLE (Line Drive, 6M)
Batting: RHB José Herrera 0-0: Called Strike
0-1: Ball
1-1: Ball
2-1: Foul Ball, location: 2F
2-2: Strikes out swinging
Batting: LHB Luis Antonio Torres 0-0: Foul Ball, location: 2F
0-1: Fielders Choice at 2nd, 1-6 (Groundball, 13)
Batting: LHB Anacleto Morillo 0-0: Ball
1-0: Foul Ball, location: 2F
1-1: Foul Ball, location: 2F
1-2: Ground out 1-3 (Groundball, 15S)
Bottom of the 9th over - 0 run(s), 1 hit(s), 0 error(s), 1 left on base; Birmingham 3 - Maui 0
Monday, December 5th, 2016 - OOTP Baseball 17.12 Build 75